 Dungeon Crawl Stone Soup version 0.24-a0-249-g2af7e83 (webtiles) character file.

Game seed: 3806908160788249763

6447 Borgoz the Slicer (level 11, 0/67 HPs)
             Began as a Kobold Gladiator on Apr 14, 2019.
             Slain by Noname's ghost (13 damage)
             ... on level 6 of the Dungeon.
             The game lasted 00:15:47 (9293 turns).

Borgoz the Slicer (Kobold Gladiator)                Turns: 9293, Time: 00:15:48

Health: 0/67       AC: 12    Str: 19    XL:     11   Next: 18%
Magic:  12/12      EV: 24    Int: 10    God:
Gold:   274        SH:  0    Dex: 25    Spells: 10/10 levels left

rFire    . . .     SeeInvis .   a - +0 rapier
rCold    . . .     Gourm    .   (shield restricted)
rNeg     . . .     Faith    +   e - +1 ring mail {rPois}
rPois    +         Spirit   .   u - +0 helmet
rElec    .         Reflect  .   (no cloak)
rCorr    .         Harm     .   g - +0 pair of gloves
MR       +....                  r - +0 pair of boots
Stlth    +.........             q - amulet of Foolhardiness {Faith MR+ Dex+8}
HPRegen  0.21/turn              (no ring)
MPRegen  0.13/turn              s - +5 ring of strength

@: confused
A: small, repulsion field 1, molten scales 1, carnivore
a: no special abilities


You were on level 6 of the Dungeon.
You were completely stuffed.

You visited 1 branch of the dungeon, and saw 9 of its levels.

You collected 430 gold pieces.
You spent 156 gold pieces at shops.

Inventory:

Hand Weapons
 a - a +0 rapier (weapon)
Missiles
 v - 4 throwing nets (quivered)
Armour
 e - a +1 ring mail of poison resistance (worn)
 g - a +0 pair of gloves (worn)
 r - a +0 pair of boots (worn)
 u - a +0 helmet (worn)
 A - a +0 troll leather armour
Jewellery
 q - the amulet of Foolhardiness (around neck) {Faith MR+ Dex+8}
   (You found it on level 7 of the Dungeon)

   [amulet of faith]

   It allows you to gain divine favour quickly.
   It affects your dexterity (+8).
   It affects your resistance to hostile enchantments.
 s - a +5 ring of strength (right hand)
Wands
 b - a wand of iceblast (20)
 k - a wand of acid (9)
 t - a wand of random effects (23)
 w - a wand of polymorph (13)
 y - a wand of scattershot (1)
 D - a wand of clouds (4)
Scrolls
 c - 3 scrolls of amnesia
 h - a scroll of fog
 i - 2 scrolls of blinking
 l - 3 scrolls of enchant armour
 m - 2 scrolls of remove curse
 p - a scroll of magic mapping
Potions
 d - 4 potions of haste
 j - 2 potions of agility
 n - 2 potions of curing
 o - 3 potions of lignification
Comestibles
 f - 20 rations
 E - 2 chunks of flesh


   Skills:
 + Level 7.2 Fighting
 + Level 13.3(13.4) Short Blades
   Level 1.7(5.9) Long Blades
 - Level 3.2 Throwing
 + Level 5.4 Armour
 + Level 8.8 Dodging
 - Level 6.2 Stealth
 - Level 1.5 Evocations


You had 10 spell levels left.
You didn't know any spells.
Your spell library was empty.

Dungeon Overview and Level Annotations

Branches:
Dungeon (9/15)             Temple (0/1) D:5            Lair (0/6) D:8
    Orc: D:9-12

Altars:
Cheibriados
Fedhas
Gozag
Hepliaklqana
Makhleb
Okawaru
Ru
Sif Muna
Uskayaw
Vehumet
Wu Jian
Xom

Shops:
D:7 *

Annotations:
D:6 Noname's ghost, amateur MfMo


Innate Abilities, Weirdness & Mutations

You are small and have problems with some larger weapons.
You are carnivorous and can eat meat at any time.
You are surrounded by a mild repulsion field. (EV +2)
You are partially covered in molten scales. (AC +2)


Message History

Xeno23's ghost is almost destroyed.
Xeno23's ghost hits you.
You closely miss xeno23's ghost.
Xeno23's ghost is severely damaged.
You hit xeno23's ghost.
Xeno23's ghost is almost destroyed.
Xeno23's ghost hits you.
You closely miss xeno23's ghost.
Xeno23's ghost is almost destroyed.
You puncture xeno23's ghost!
You destroy xeno23's ghost!
Noname's ghost hits you but does no damage.
You are electrocuted!!
* * * LOW HITPOINT WARNING * * *
You closely miss Noname's ghost. Noname's ghost barely misses you.
You are confused.
You feel invigorated.
Noname's ghost hits you but does no damage.
You are electrocuted!
You die...

.. .. ########## ... #........#
####... #........###......
#.................
#........###.>#... .##
###W#####.###.## ..
....##########.@.#####.##..## ##
.................>..........###.
####...#####......####..##..WWW
###........##### #..#######W
####.....## #.## ##
####......#.... #.. #
####....#.#......^ ...
.................. ...
....#....#########


You could see Noname's ghost.

Vanquished Creatures
  Erica (D:8)
  Harold (D:8)
  The ghost of Ereth the Poker, a novice HOFi of Yredelemnul (D:6)
  The ghost of Borgoz the Cutter, a novice KoGl of Ashenzari (D:6)
  Psyche (D:8)
  2 trolls (D:9)
  Sigmund (D:2)
  A hungry ghost (D:9)
  The ghost of xeno23 the Sneak, an amateur OpAs (D:6)
  Edmund (D:4)
  A water moccasin (D:7)
  An orc warrior (D:6)
  An eye of draining (D:8)
  4 ogres
  An ice beast (D:5)
  A sky beast (D:8)
  A black bear (D:8)
  A phantom (D:7)
  2 centaurs
  A big kobold (D:3)
  2 bullfrogs
  A gnoll sergeant (D:7)
  4 scorpions
  5 killer bees (D:9)
  3 howler monkeys (D:8)
  3 crimson imps
  5 orc wizards
  4 hounds
  2 jellies
  4 orc priests
  3 iguanas
  7 worker ants
  The ghost of suvakkihuora the Insei, a weakling DsTm (D:3)
  A hound zombie (D:6)
  2 hound skeletons
  4 gnolls
  2 howler monkey zombies
  A howler monkey skeleton (D:9)
  7 adders
  A shadow imp (D:7)
  An adder skeleton (D:4)
  An adder zombie (D:5)
  4 worms
  2 dart slugs
  2 leopard geckos
  21 orcs
  13 bats
  5 giant cockroaches
  12 goblins
  13 hobgoblins
  11 jackals
  5 quokkas
  4 ball pythons
  10 frilled lizards
  A jackal zombie (D:5)
  21 kobolds
  3 quokka skeletons
  A quokka zombie (D:6)
  3 rats
  A bush (D:9)
221 creatures vanquished.

Vanquished Creatures (others)
  An orc wizard (D:9)
  A plant (D:5)
2 creatures vanquished.

Grand Total: 223 creatures vanquished

Notes
Turn   | Place    | Note
-------+----------+-------------------------------------------
     0 | D:1      | Borgoz the Kobold Gladiator began the quest for the Orb.
     0 | D:1      | Reached XP level 1. HP: 12/12 MP: 1/1
   204 | D:1      | Reached XP level 2. HP: 12/17 MP: 2/2
   375 | D:1      | Reached XP level 3. HP: 12/21 MP: 3/3
   612 | D:1      | Reached skill level 5 in Short Blades
  1105 | D:2      | Noticed Sigmund
  1113 | D:2      | Killed Sigmund
  1113 | D:2      | Reached skill level 6 in Short Blades
  1113 | D:2      | Reached skill level 1 in Armour
  1113 | D:2      | Reached XP level 4. HP: 19/28 MP: 4/4
  1113 | D:2      | Reached XP level 5. HP: 22/32 MP: 5/5
  1113 | D:2      | Reached XP level 6. HP: 25/37 MP: 6/6
  1268 | D:2      | Found an opulent altar of Gozag.
  1835 | D:3      | Found an ornate altar of the Wu Jian Council.
  1838 | D:3      | Found a shimmering altar of Xom.
  1838 | D:3      | Found a hazy altar of Hepliaklqana.
  1890 | D:3      | Found a runed translucent gate.
  1890 | D:3      | Found a runed translucent gate.
  1890 | D:3      | Found a runed translucent gate.
  1892 | D:3      | Noticed suvakkihuora's ghost (weakling DsTm)
  2646 | D:3      | Reached skill level 5 in Dodging
  2676 | D:3      | Found a radiant altar of Vehumet.
  2677 | D:3      | Found a burning altar of Makhleb.
  3017 | D:3      | Reached skill level 7 in Short Blades
  3017 | D:3      | Reached XP level 7. HP: 21/41 MP: 7/7
  3029 | D:3      | Killed suvakkihuora's ghost
  3290 | D:4      | Found a sacrificial altar of Ru.
  3354 | D:4      | Noticed Edmund
  3390 | D:4      | Killed Edmund
  3390 | D:4      | Reached skill level 1 in Long Blades
  3390 | D:4      | Reached skill level 1 in Stealth
  4075 | D:4      | Reached XP level 8. HP: 32/48 MP: 8/8
  4655 | D:5      | Entered Level 5 of the Dungeon
  4726 | D:5      | Reached skill level 8 in Short Blades
  5333 | D:5      | Found a snail-covered altar of Cheibriados.
  5405 | D:5      | Found a staircase to the Ecumenical Temple.
  5890 | D:6      | Reached skill level 9 in Short Blades
  5990 | D:6      | Reached XP level 9. HP: 11/52 MP: 9/9
  6275 | D:6      | Found a runed translucent gate.
  6275 | D:6      | Found a runed translucent gate.
  6281 | D:6      | Found a runed translucent gate.
  6283 | D:6      | Noticed Borgoz's ghost (novice KoGl)
  6283 | D:6      | Noticed Ereth's ghost (novice HOFi)
  6283 | D:6      | Noticed xeno23's ghost (amateur OpAs)
  6284 | D:6      | Noticed Noname's ghost (amateur MfMo)
  6341 | D:6      | Gained mutation: Your muscles are strong. (Str +2) [potion
                  | of mutation]
  6341 | D:6      | Gained mutation: Your movements are slightly less
                  | encumbered by armour. (ER -2) [potion of mutation]
  6341 | D:6      | Lost mutation: Your muscles are strong. (Str +2) [potion of
                  | mutation]
  6341 | D:6      | Gained mutation: You have a pair of small horns on your
                  | head. [potion of mutation]
  6623 | D:7      | Got an ancient amethyst amulet
  6624 | D:7      | Identified the amulet of Foolhardiness {Faith MR+ Dex+8}
                  | (You found it on level 7 of the Dungeon)
  6626 | D:7      | Lost mutation: Your movements are slightly less encumbered
                  | by armour. (ER -2) [potion of mutation]
  6626 | D:7      | Lost mutation: You have a pair of small horns on your head.
                  | [potion of mutation]
  6626 | D:7      | Gained mutation: You are surrounded by a mild repulsion
                  | field. (EV +2) [potion of mutation]
  6626 | D:7      | Gained mutation: You are partially covered in molten
                  | scales. (AC +2) [potion of mutation]
  7004 | D:7      | Reached skill level 5 in Fighting
  7018 | D:7      | Reached skill level 10 in Short Blades
  7033 | D:7      | Found Zeczun's General Store.
  7041 | D:7      | Bought a scroll of identify for 24 gold pieces
  7041 | D:7      | Bought a potion of heal wounds for 60 gold pieces
  7041 | D:7      | Bought 3 scrolls of identify for 72 gold pieces
  7098 | D:7      | Reached skill level 1 in Evocations
  7470 | D:8      | Noticed Harold
  7476 | D:8      | Killed Harold
  7504 | D:8      | Reached XP level 10. HP: 59/59 MP: 11/11
  7528 | D:8      | Reached skill level 11 in Short Blades
  7669 | D:8      | Found a staircase to the Lair.
  7977 | D:8      | Reached skill level 5 in Stealth
  8038 | D:8      | Found an iron altar of Okawaru.
  8154 | D:8      | Noticed Erica
  8168 | D:8      | Killed Erica
  8168 | D:8      | Reached skill level 12 in Short Blades
  8328 | D:8      | Noticed Psyche
  8340 | D:8      | Killed Psyche
  8362 | D:9      | Reached skill level 5 in Armour
  8950 | D:9      | Found a deep blue altar of Sif Muna.
  8952 | D:9      | Found a hide-covered altar of Uskayaw.
  8952 | D:9      | Found a blossoming altar of Fedhas.
  9018 | D:9      | Reached skill level 13 in Short Blades
  9018 | D:9      | Reached XP level 11. HP: 66/66 MP: 12/12
  9229 | D:6      | Killed Ereth's ghost
  9269 | D:6      | Killed Borgoz's ghost
  9290 | D:6      | Killed xeno23's ghost
  9293 | D:6      | Slain by Noname's ghost

Levels and vault maps discovered:
D:1:      dpeg_arrival_tiny_d, layout_basic, minmay_close_crescents
D:2:      layout_basic, nicolae_gozag_cash_rules_everything_around_me,
          uniq_sigmund
D:3:      cheibrodos_helix_gallery, layout_rooms,
          grunt_temple_overflow_lords_of_destruction,
          grunt_temple_overflow_open, serial_bayou, serial_bayou_ford_a,
          serial_bayou_shore_b, serial_bayou_lagoon_b, serial_bayou_lake_a,
          first_ration, gammafunk_ghost_nasty_kobolds
D:4:      layout_basic, nicolae_ru_great_annihilating_truth, uniq_edmund
D:5:      layout_basic, slow_altar_1, minmay_temple_entry_junction,
          saegor_snake_ambush
D:6:      layout_rooms, serial_shops,
          nicolae_shop_temple_entry_statues_fountains, gammafunk_ghost_cemetery,
          uniq_pikel
D:7:      layout_loops_corners, serial_shops, shop
D:8:      layout_basic, okawaru_altar_gauntlet_db, lair_entry_dummy,
          uniq_psyche, uniq_harold, uniq_erica
D:9:      layout_irregular_city, good_gods_temple_1,
          gammafunk_temple_overflow_forgotten, hangedman_fish_farm, uniq_maurice

Skill      XL: |  1  2  3  4  5  6  7  8  9 10 11 |
---------------+----------------------------------+-----
Dodging        | 4 5 6 7 8 |  8.8
Short Blades   | 6 7 9 10 13 | 13.3
Fighting       | 3 4 5 6 7 |  7.2
Armour         | 1 2 3 4 5 |  5.4
Long Blades    | 1 |  1.7
Stealth        | 1 2 4 6 |  6.2
Evocations     | 1 |  1.5
Throwing       | 3 |  3.2

Action                   |  1- 3 |  4- 6 |  7- 9 | 10-12 || total
-------------------------+-------+-------+-------+-------++-------
Melee: Rapier            |   100 |   229 |   410 |   375 ||  1114
       Double sword      |       |       |    40 |       ||    40
Throw: Throwing net      |       |     1 |     4 |     9 ||    14
Evoke: Wand              |     2 |     2 |     6 |     5 ||    15
  Use: Potion            |       |     4 |     6 |     6 ||    16
       Scroll            |       |       |    14 |     2 ||    16
 Stab: Held in net/web   |       |       |     4 |     5 ||     9
       Paralysed         |       |       |     1 |       ||     1
       Sleeping          |       |       |     4 |     2 ||     6
  Eat: Chunk             |     6 |     9 |    15 |     6 ||    36
Armor: Leather armour    |    19 |    24 |       |       ||    43
       Ring mail         |       |    10 |   100 |    61 ||   171
Dodge: Dodged            |    67 |   203 |   319 |   272 ||   861
       Rpst.: Double sword |       |       |    13 |       ||    13

Table legend:
 A = Non-vault XP
 B = Vault XP
 C = Vault XP percentage of total XP
 D = Non-vault monster count
 E = Vault monster count
 F = Vault count percentage of total count
                 A         B        C        D         E       F
            +---------+---------+-------+---------+---------+-------
      Total |    4933 |    4278 |  46.4 |     181 |      40 |  18.1
            +---------+---------+-------+---------+---------+-------
        D:1 |      42 |       9 |  17.6 |      23 |       6 |  20.7
        D:2 |      53 |     220 |  80.6 |      24 |       1 |   4.0
        D:3 |      89 |     179 |  66.8 |      34 |      12 |  26.1
        D:4 |     418 |     213 |  33.8 |      19 |       5 |  20.8
        D:5 |     461 |      33 |   6.7 |      17 |       4 |  19.0
        D:6 |     373 |    1298 |  77.7 |      10 |       3 |  23.1
        D:7 |     800 |       0 |   0.0 |      15 |       0 |   0.0
        D:8 |    1031 |    2326 |  69.3 |      18 |       9 |  33.3
        D:9 |    1666 |       0 |   0.0 |      21 |       0 |   0.0
            +---------+---------+-------+---------+---------+-------
